 Dungeon Crawl Stone Soup version 0.30-a0-760-g5a9884bb7c (webtiles) character file.

Game seed: 4151771105013192841

37 theblackgale the Grave Robber (level 3, -1/24 HPs)
             Began as a Demonspawn Necromancer on Feb 10, 2023.
             Slain by Sigmund
             ... wielding a +0 scythe
              (4 damage)
             ... on level 2 of the Dungeon.
             The game lasted 00:09:21 (702 turns).

theblackgale the Grave Robber (DsNe)                 Turns: 702, Time: 00:09:22

Health: -1/24      AC:  7    Str:  8    XL:     3   Next: 23%
Magic:  4/6        EV: 12    Int: 18    God:
Gold:   38         SH:  0    Dex: 13    Spells: 5/6 levels left

rFire   . . .      SeeInvis .    (no weapon)
rCold   . . .      Faith    .    (no shield)
rNeg    . . .      Spirit   .    a - +0 robe
rPois   .          Reflect  .    d - +2 helmet
rElec   .          Harm     .    (no cloak)
rCorr   .          Rampage  .    (no gloves)
Will    .....                    (no boots)
Stlth   ++                       (no amulet)
HPRegen 0.24/turn                (no ring)
MPRegen 0.20/turn                (no ring)

@: no status effects
A: yellow scales 1, magic regeneration
a: no special abilities


You were on level 2 of the Dungeon.
You visited 1 branch of the dungeon, and saw 2 of its levels.

You collected 38 gold pieces.

Inventory:

Armour
 a - a +0 robe (worn)
 d - a +2 helmet (worn)
Scrolls
 f - a scroll of blinking
Potions
 b - a potion of magic
 e - a potion of degeneration {unknown}


   Skills:
 + Level 2.0 Dodging
 + Level 2.0 Stealth
 + Level 0.3 Unarmed Combat
 + Level 2.2 Spellcasting
 + Level 5.1 Necromancy


You had 5 spell levels left.
You knew the following spells:

 Your Spells              Type           Power      Damage    Failure   Level
a - Necrotise             Necr           80%        1d8       1%          1

Your spell library contained the following spells:

 Spells                   Type           Power      Damage    Failure   Level
 Vampiric Draining        Necr           20%        2d7       6%          3
 Sandblast                Erth           4%         2d4       19%         1
 Animate Dead             Necr           20%        N/A       21%         4
 Passwall                 Tmut/Erth      1%         N/A       26%         2
 Stone Arrow              Conj/Erth      4%         3d7       47%         3
 Agony                    Necr           20%        N/A       50%         5


Dungeon Overview and Level Annotations

Branches:
Dungeon (2/15)

Altars:

Annotations:
D:2 Sigmund


Innate Abilities, Weirdness & Mutations

You are partially covered in yellow scales. (AC +2)
You regenerate magic rapidly.


Message History

Something hits you!
* * * LOW HITPOINT WARNING * * *
You see here 8 gold pieces.
You feel much better. Something hits you.
You barely miss something. Something hits you.
You miss something. You miss something. Something hits you but does no damage.
You closely miss something. Something hits you.
You miss something. You miss something. Something hits you!
* * * LOW HITPOINT WARNING * * *
You closely miss something.
You hear some strange, mumbled words.
Something tries to affect you, but you resist.
You hit something but do no damage. Something hits you.
* * * LOW HITPOINT WARNING * * *
An endoplasm is nearby!
An endoplasm is nearby!
An endoplasm is nearby!
The endoplasm quivers.
An adder comes into view.
You are too injured to fight recklessly!
You are too injured to fight recklessly!
Casting: Necrotise (safe; 1% risk of failure)
Confirm with . or Enter, or press ? or * to list all spells.
Aiming: Necrotise (safe; 1% risk of failure)
Press: ? - help, Shift-Dir - straight line, f - adder
Aim: an adder (asleep, chance to affect: 84%)
The adder hisses angrily.
The adder writhes in agony!
You hear some strange, mumbled words.
Something tries to affect you, but you resist.
Casting: Necrotise (safe; 1% risk of failure)
Confirm with . or Enter, or press ? or * to list all spells.
Aiming: Necrotise (safe; 1% risk of failure)
Press: ? - help, Shift-Dir - straight line, f/p - adder
Aim: an adder (severely wounded, chance to affect: 84%)
The adder barely resists.
The adder barely misses you. Something hits you.
You die...

...# #....#
...###### #....#
......>.# #....#
..#####.. #.....
..# .### ##'### ..#
..# #.# ..# #.# #.#
..########.########
#.#
..........$.....@.#
#.#
##<..........####S#
#.#
##########.....#.#
#.# #...#.#.# #.#
#...# #.# #.# #...#
.# #.# #...#
.###########.#
#...#
.............#
############


You could see an adder.

Vanquished Creatures
  An adder (D:2)
  A dart slug (D:1)
  3 ball pythons
  5 bats
  4 endoplasms (D:1)
  2 goblins (D:1)
  A hobgoblin (D:1)
  A kobold (D:2)
  A quokka (D:2)
  2 frilled lizards (D:2)
  3 rats
24 creatures vanquished.

Notes
Turn   | Place    | Note
-------+----------+-------------------------------------------
     0 | D:1      | theblackgale the Demonspawn Necromancer began the quest for
                  | the Orb.
     0 | D:1      | Reached XP level 1. HP: 13/13 MP: 3/3
    83 | D:1      | Gained mutation: You are partially covered in yellow
                  | scales. (AC +2) [demonic ancestry]
    83 | D:1      | Reached XP level 2. HP: 12/19 MP: 1/5
   407 | D:1      | Reached skill level 5 in Necromancy
   571 | D:2      | Gained mutation: You regenerate magic rapidly. [demonic
                  | ancestry]
   571 | D:2      | Reached XP level 3. HP: 24/24 MP: 0/6
   675 | D:2      | Noticed Sigmund
   694 | D:2      | HP: 1/24 [something (5)]
   702 | D:2      | Slain by Sigmund

Illustrated notes

Levels and vault maps discovered:
D:1:      heliophobic_arrival_battle_scene, layout_loops_ring
D:2:      layout_basic, minmay_3d_cube, uniq_sigmund

Skill      XL: |  1  2  3 |
---------------+----------+-----
Stealth        | 2 |  2.0
Necromancy     | 5 |  5.1
Dodging        | 2 |  2.0
Unarmed Combat | |  0.3
Spellcasting   | |  2.2

Action                     || total
---------------------------++-------
  Melee: Unarmed           ||    48
         Punch             ||     1
   Cast: Necrotise         ||    42
    Use: Potion            ||     5
         Scroll            ||     2
   Stab: Sleeping          ||     1
 Armour: Robe              ||    13
  Dodge: Dodged            ||    35

Table legend: (Time is in decaauts)
 A = Elapsed time spent in this place.
 B = Non-inter-level travel time spent in this place.
 C = Inter-level travel time spent in this place.
 D = Time resting spent in this place.
 E = Time spent auto-exploring this place.
 F = Levels seen in this place.
 G = Mean time per level.
                   A        B        C        D        E       F      G
               +--------+--------+--------+--------+--------+-----+--------+
         Total |    681 |    189 |    492 |      8 |      0 |   2 |  340.5 |
       Dungeon |    681 |    189 |    492 |      8 |      0 |   2 |  340.5 |
               +--------+--------+--------+--------+--------+-----+--------+

Top non-repeatable levels by time:
     D:1: 439 daAuts
     D:2: 241 daAuts
